 Dungeon Crawl Stone Soup version 0.25.1-8-g42b30a86e7 (webtiles) character file.

Game seed: 16391908493425312905

86 Clowwww the Digger (level 4, -12/27 HPs)
             Began as an Octopode Earth Elementalist on Dec 5, 2020.
             Mangled by an orc warrior
             ... wielding a +0 mace
              (14 damage)
             ... on level 2 of the Dungeon.
             The game lasted 00:05:32 (1608 turns).

Clowwww the Digger (Octopode Earth Elementalist)    Turns: 1608, Time: 00:05:32

Health: -12/27     AC:  1    Str:  7    XL:     4   Next: 50%
Magic:  6/8        EV: 13    Int: 18    God:
Gold:   117        SH:  0    Dex: 12    Spells: 3/9 levels left

rFire    . . .     SeeInvis .   (no weapon)
rCold    . . .     Gourm    .   (no shield)
rNeg     . . .     Faith    .   (helmet restricted)
rPois    .         Spirit   .   (no amulet)
rElec    .         Reflect  .   (no ring)
rCorr    .         Harm     .   (no ring)
MR       .....                  (no ring)
Stlth    +++.......             (no ring)
HPRegen  0.09/turn              (no ring)
MPRegen  0.11/turn              (no ring)
                                (no ring)
                                (no ring)

@: no status effects
A: almost no armour, stealthy swim, amphibious, 8 rings, constrict 8, camouflage
1, gelatinous body 1
a: no special abilities


You were on level 2 of the Dungeon.
You were not hungry.

You visited 1 branch of the dungeon, and saw 2 of its levels.

You collected 117 gold pieces.

Inventory:

Missiles
 b - 29 stones (quivered)
Jewellery
 k - an uncursed ring of fire {unknown}
 n - a +6 ring of intelligence {unknown}
Wands
 j - a wand of iceblast (5)
Scrolls
 a - a scroll of teleportation {unknown}
 e - a scroll of enchant weapon {unknown}
 f - 3 scrolls of identify {unknown}
 g - a scroll of magic mapping {unknown}
 i - a scroll of fog {unknown}
 l - a scroll of immolation {unknown}
Potions
 d - a potion of haste {unknown}
 h - a potion of curing {unknown}
 m - a potion of lignification {unknown}
Comestibles
 c - 4 rations


   Skills:
 + Level 2.4 Dodging
 + Level 2.9 Stealth
 + Level 3.3 Spellcasting
 + Level 1.0 Transmutations
 + Level 3.8 Earth Magic


You had 3 spell levels left.
You knew the following spells:

 Your Spells              Type           Power        Failure   Level  Hunger
a - Sandblast             Erth           ###...       3%          1    None
b - Passwall              Tmut/Erth      ##......     9%          2    ##.....
c - Stone Arrow           Conj/Erth      #.....       22%         3    ###....

Your spell library contained the following spells:

 Spells                   Type           Power        Failure   Level  Hunger
 Petrify                  Tmut/Erth      ##......     50%         4    ####...
 Lee's Rapid Deconstruct  Erth           ###.......   65%         5    ######.


Dungeon Overview and Level Annotations

Branches:
Dungeon (2/15)

Altars:
The Shining One


Innate Abilities, Weirdness & Mutations

You cannot wear most types of armour.
You are very stealthy in the water. (Stealth+)
You are amphibious.
You can wear up to eight rings at the same time.
You can use your tentacles to constrict eight enemies at once.
Your skin changes colour to match your surroundings (Stealth+).
Your rubbery body absorbs attacks. (AC +1, EV +1)


Message History

Aiming: Sandblast (safe; 3% risk of failure)
Press: ? - help, Shift-Dir - straight line, f/p - orc warrior
Aim: an orc warrior, wielding a +0 mace and wearing a +0 plate armour (lightly wounded)
The blast of sand misses the orc warrior.
The blast of sand hits the orc.
The orc is almost dead.
b - 29 stones The orc warrior hits you with a +0 mace!!
Ouch! That really hurt!
* * * LOW HITPOINT WARNING * * *
An orc priest comes into view. It is wielding a +0 mace of protection.
The orc priest calls upon Beogh to heal the orc.
The orc's wounds heal themselves!
There is an escape hatch in the floor here.
The orc warrior hits you with a +0 mace!
* * * LOW HITPOINT WARNING * * *
There is a stone staircase leading up here.
The orc warrior hits you with a +0 mace!
Ouch! That really hurt!
You die...

# #..######)# #?. # #..#
#.# #.# # #..# #.# #.# #
#..# #.# #.# # #..#
###.### #.# ######..#
#.....# #o#
........####.#.#.#####
#.#
........##.....[.o.o.#
#.#
..#####.##.#.#.#@###.#
#># .................#
#.# #.#
..#####....#######
#o#####.#
..####.#.#.......#
#...o...#
#.#...###.....##.#
#########
#.#.##.#.#.##.##.###
#.#.###............#
######## #.#.#
####.##.##.#.# #...รท...
#.#.#
#.##.##.#.#######.######


You could see an orc warrior and an orc.

Vanquished Creatures
  2 adders (D:2)
  3 gnolls (D:2)
  A dart slug (D:1)
  3 leopard geckos (D:2)
  A ball python (D:1)
  9 bats
  A giant cockroach (D:2)
  A goblin (D:2)
  7 hobgoblins
  3 kobolds
  A quokka (D:2)
  A frilled lizard (D:2)
  3 rats
36 creatures vanquished.

Notes
Turn   | Place    | Note
-------+----------+-------------------------------------------
     0 | D:1      | Clowwww the Octopode Earth Elementalist began the quest for
                  | the Orb.
     0 | D:1      | Reached XP level 1. HP: 11/11 MP: 3/3
   143 | D:1      | Reached XP level 2. HP: 17/17 MP: 3/5
   288 | D:1      | Learned a level 2 spell: Passwall
   743 | D:2      | Reached XP level 3. HP: 21/21 MP: 4/6
  1128 | D:2      | Found a glowing golden altar of the Shining One.
  1185 | D:2      | Reached XP level 4. HP: 27/27 MP: 2/8
  1560 | D:2      | Learned a level 3 spell: Stone Arrow
  1580 | D:2      | Noticed an orc warrior
  1596 | D:2      | HP: 1/27 [orc warrior/+0 mace (8)]
  1608 | D:2      | Mangled by an orc warrior

Illustrated notes

Levels and vault maps discovered:
D:1:      elethiomel_arrival_quiet, layout_rooms, serial_glass, glass_columns_a,
          glass_columns_b, minmay_misc_feat_roman
D:2:      layout_loops_ring, first_ration, nicolae_tso_carved_into_rock

Skill      XL: |  1  2  3  4 |
---------------+-------------+-----
Spellcasting   | 3 |  3.3
Dodging        | |  2.4
Stealth        | |  2.9
Transmutations | |  1.0
Earth Magic    | |  3.8

Action                   |  1- 3 |  4- 6 || total
-------------------------+-------+-------++-------
Melee: Unarmed           |       |     8 ||     8
       Constrict         |       |     1 ||     1
Throw: Stone             |     1 |       ||     1
 Cast: Sandblast         |    42 |    14 ||    56
  Eat: Chunk             |     1 |     1 ||     2
Armor: Skin              |     1 |     1 ||     2
Dodge: Dodged            |    12 |     6 ||    18
